 Dungeon Crawl Stone Soup version 0.26.0-15-gc6cd9f700b (webtiles) character file.

Game seed: 12136872532650956750

7 Froggeryz the Sneak (level 2, -1/26 HPs)
             Began as a Ghoul Delver on Jan 16, 2021.
             Slain by a worker ant (4 damage)
             ... on level 4 of the Dungeon.
             The game lasted 00:00:46 (411 turns).

Froggeryz the Sneak (Ghoul Delver)                   Turns: 411, Time: 00:00:46

Health: -1/26      AC:  4    Str: 15    XL:     2   Next: 4%
Magic:  1/1        EV: 12    Int:  7    God:
Gold:   0          SH:  0    Dex: 10    Spells: 1/1 levels left

rFire    . . .     SeeInvis .     - Unarmed
rCold    + . .     Faith    .   (no shield)
rNeg     + + +     Spirit   .   h - +1 robe of the Flute {rElec Int+2}
rPois    ∞         Reflect  .   (no helmet)
rElec    +         Harm     .   g - +0 cloak
rCorr    .         Rampage  .   (no gloves)
Will     .....                  (no boots)
Stlth    +++.......             (no amulet)
HPRegen  0.00/turn              (no ring)
MPRegen  0.07/turn              (no ring)

@: no status effects
A: claws 1, cold resistance 1, negative energy resistance 3, inhibited
regeneration, torment resistance, unbreathing
a: no special abilities


You were on level 4 of the Dungeon.
You visited 1 branch of the dungeon, and saw 2 of its levels.

Inventory:

Armour
 g - a +0 cloak (worn)
 h - the +1 robe of the Flute (worn) {rElec Int+2}
   (You found it on level 5 of the Dungeon)

   It affects your intelligence (+2).
   It insulates you from electricity.
Wands
 a - a wand of acid (7)
 f - a wand of digging (3)
Scrolls
 b - a scroll of fog
 c - a scroll of magic mapping
 d - a scroll of fear
 i - a scroll of enchant armour {unknown}
Potions
 e - a potion of haste


   Skills:
 - Level 3.2 Fighting
 - Level 1.7 Dodging
 - Level 5.4 Stealth
 * Level 3.0 Unarmed Combat


You had one spell level left.
You didn't know any spells.
Your spell library was empty.

Dungeon Overview and Level Annotations

Branches:
Dungeon (5/15)
 Temple: D:4-7

Altars:

Annotations:
D:5 1 transporter, Grinder; Valentain's ghost, weakling DsDe


Innate Abilities, Weirdness & Mutations

You thrive by killing the living.
You are immune to poison.
You have sharp fingernails.
Your flesh is cold resistant. (rC+)
You are immune to negative energy. (rN+++)
You do not regenerate when monsters are visible.
You are immune to unholy pain and torment.
You can survive without breathing.


Message History

You closely miss the worker ant.
The worker ant is almost dead.
The worker ant closely misses you.
You scratch the worker ant but do no damage.
The worker ant is almost dead.
The worker ant bites you but does no damage.
You barely miss the worker ant.
The worker ant is almost dead.
The worker ant bites you.
* * * LOW HITPOINT WARNING * * *
You scratch the worker ant but do no damage.
Your claw misses the worker ant.
The worker ant is almost dead.
The worker ant barely misses you.
You scratch the worker ant but do no damage.
The worker ant is almost dead.
The worker ant bites you.
* * * LOW HITPOINT WARNING * * *
The worker ant bites you.
You die...

###
.....##########
......B@......#
.....##.#...#.#
... #..###..# .
.......##.###
...##.##....÷.#
.. #.#####.#.#
... ...#.#
####...###>#
.[..# #.#


You could see a worker ant.

Vanquished Creatures
  2 leopard geckos (D:4)
  An orc (D:4)
  A giant cockroach (D:4)
4 creatures vanquished.

Notes
Turn   | Place    | Note
-------+----------+-------------------------------------------
     0 | D:5      | Froggeryz the Ghoul Delver began the quest for the Orb.
     0 | D:5      | Reached XP level 1. HP: 19/19 MP: 0/0
    29 | D:5      | Got a creamy pearl robe
    45 | D:5      | Identified the +1 robe of the Flute {rElec Int+2} (You
                  | found it on level 5 of the Dungeon)
    75 | D:5      | Noticed a worker ant
    76 | D:5      | Found a transporter.
    79 | D:5      | Noticed Valentain's ghost (weakling DsDe)
    90 | D:5      | Noticed Grinder
   152 | D:4      | Reached XP level 2. HP: 7/26 MP: 1/1
   411 | D:4      | Slain by a worker ant

Illustrated notes

Levels and vault maps discovered:
D:4:      layout_loops_cross
D:5:      minmay_chambers_of_threes, layout_loops_corners,
          grunt_temple_overflow_open, gammafunk_ghost_arena, uniq_eustachio,
          uniq_grinder, uniq_prince_ribbit1

Skill      XL: |  1 |
---------------+----+-----
Unarmed Combat | 3 |  3.0
Fighting       | |  3.2
Dodging        | |  1.7
Stealth        | |  5.4

Action                   || total
-------------------------++-------
Melee: Unarmed           ||    39
 Stab: Sleeping          ||     1
Armor: Robe              ||     6
Dodge: Dodged            ||    21
